cohdb
Replays
Latest Replays
All Replays
Popular Replays
Top Player Replays
Match Explorer
How It Works
Community
CoH3 Stats
Reddit
Sign in to upload your games and track your stats! →
Sign in with Steam
Match 44435164
Unlisted
Match 44435164
Overview
Messages
Build Orders
End
Scout Squad
Construct Weapon Support Center
M1919 Machine Gun Team
M1919 Machine Gun Team
Bazooka Squad
M1919 Machine Gun Team
Selects Special Operations Battlegroup
Selects Smoke Screen
Smoke Screen
Construct Medical Station
Construct Medical Station
Infantry Support Center
Improved M9 Bazooka Rockets
Selects SSF Commando Squad
SSF Commando Squad
Advanced Logistics
SSF Commando Squad
Survival Training
Selects M29 Weasel Recon Vehicle
Smoke Screen
SSF Commando Squad
Engineer Squad
Selects P-47 Anti-Infantry Loiter
P-47 Anti-Infantry Loiter
SSF Commando Squad
nub
HulkSMASH
[82AD] Janko
Kampfstärke
Rolling9Deep
Felippe
0
0
Comments
sign in to comment!
No comments posted yet!